Match 41391953
Unlisted

Match 41391953
End
Construct Infanterie Kompanie
Kettenkrad Recon Vehicle
Selects Luftwaffe Battlegroup
Selects Luftwaffe Pioneer Support
Fallschirmpioneer Squad Paradrop
Fallschirmpioneer Squad Paradrop
Selects Stuka Strafing Run
Medical Station
Construct Panzergrenadier Kompanie
Selects Fallschirmjäger Squad Paradrop
Fallschirmjäger Squad Paradrop
251 Medium Carrier
Fallschirmjäger Squad Paradrop
Stuka Strafing Run
Pak 40 Anti-tank Gun Team
Support Elements
Stuka Strafing Run
Fallschirmjäger Squad Paradrop
StuG III G Assault Gun
Selects Stuka Loiter
Stuka Strafing Run
Nebelwerfer 42 Rocket Launcher Team
Stuka Loiter
Selects Flak 38 Anti-Air Emplacement
Selects Flak 36 Anti-tank Gun Emplacement
Side Skirts
Panzergrenadier Officer Quarters
StuG III G Assault Gun
Stuka Strafing Run
Stuka Loiter
Fallschirmjäger Squad Paradrop
Construct Panzer Kompanie
Stuka Loiter
Panzer IV Medium Tank
Panzer IV Medium Tank
Panzer Officer Quarters
Pioneer Squad
Pioneer Squad
Stuka Strafing Run
Fallschirmjäger Squad Paradrop
Pioneer Squad
Stuka Strafing Run
Nick_The_Great
Methox
FiniteStateMachine
t48football
Honey
khj
Zebra
스팀계정족같네
0
0

Comments sign in to comment!

No comments posted yet!